 Dungeon Crawl Stone Soup version 0.18.1-5-g4a78601 (webtiles) character file.

556 namelastname112 the Sneak (level 7, 53/58 HPs)
             Began as a Mottled Draconian Assassin on May 11, 2016.
             Quit the game on level 4 of the Dungeon.
             The game lasted 00:04:04 (2625 turns).

namelastname112 the Sneak (DrAs)                    Turns: 2625, Time: 00:04:04

Health: 53/58      AC:  8    Str: 14    XL:     7   Next: 8%
Magic:  7/7        EV: 13    Int: 11    God:
Gold:   127        SH:  0    Dex: 14    Spells: 0 memorised, 6 levels left

rFire  + . .     SeeInvis .     r - +2 short sword (freeze)
rCold  . . .     Gourm    .     (armour unavailable)
rNeg   . . .     Faith    .     (no shield)
rPois  .         Spirit   +     (helmet restricted)
rElec  .         Dismiss  .     c - +0 cloak
rCorr  .         Reflect  .     (no gloves)
SustAt +         Harm     .     k - +0 pair of boots (curse)
MR     .....                    s - amulet of guardian spirit
Stlth  +++.......               y - ring of protection from fire
                                a - ring of sustain attributes

@: not resistant to hostile enchantments, fairly stealthy
A: breathe sticky flame splash, unfitting armour, cold-blooded, AC +6
a: Breathe Sticky Flame


You were on level 4 of the Dungeon.
You were not hungry.

You visited 1 branch of the dungeon, and saw 4 of its levels.

You collected 127 gold pieces.

Inventory:

Hand Weapons
 b - a +0 blowgun
 r - a +2 short sword of freezing (weapon)
Missiles
 d - 16 poisoned needles
 e - 2 curare-tipped needles
Armour
 c - a +0 cloak (worn)
 k - a cursed +0 pair of boots (worn)
 v - a +0 buckler
Jewellery
 a - a ring of sustain attributes (left hand)
 s - an amulet of guardian spirit (around neck)
 y - a ring of protection from fire (right hand)
Scrolls
 g - a scroll of enchant armour {unknown}
 h - a scroll of fog {unknown}
 o - a scroll of teleportation
 p - a scroll of immolation {unknown}
 t - 3 scrolls of identify {unknown}
 w - a scroll of random uselessness {unknown}
 x - a scroll of blinking {unknown}
 A - a scroll of magic mapping {unknown}
Potions
 i - 3 potions of heal wounds {unknown}
 l - a potion of mutation {unknown}
 n - a potion of lignification {unknown}
 u - a potion of brilliance {unknown}
 z - a potion of might {unknown}
 C - a potion of degeneration {unknown}
 D - a potion of curing {unknown}
Comestibles
 f - 3 bread rations
 j - a slice of pizza
 m - a meat ration
 q - 5 fruits
 B - a chunk of flesh


   Skills:
 + Level 3.7 Fighting
 * Level 4.0 Short Blades
 + Level 2.9 Throwing
 + Level 2.5 Dodging
 * Level 5.5 Stealth
 + Level 1.6 Shields


You had 6 spell levels left.
You didn't know any spells.

Dungeon Overview and Level Annotations

Branches:
Dungeon (4/15)
 Temple: D:4-7

Altars:
Ru
Sif Muna
Xom
Yredelemnul
Zin

Annotations:
D:3 ilikecats's ghost, amateur GrFi


Innate Abilities, Weirdness & Mutations

You can spit globs of burning liquid.
You can ignite nearby creatures when you spit burning liquid.
Your weird mottled scales are hard (AC +6).
Your body does not fit into most forms of armour.
You are cold-blooded and may be slowed by cold attacks.


Message History

You hit the wyvern skeleton. The wyvern skeleton bites you!
You take 12 damage, and have 39/52 hp.
MASSIVE DAMAGE!!
You now have 4/6 mp.
You hit the wyvern skeleton.
You destroy the wyvern skeleton!
Your Short Blades skill increases to level 4!
You have reached level 7!
Your scales start taking on a weird mottled colour.
You learn Fire Magic quicker.
You can spit globs of burning liquid.
You can ignite nearby creatures when you spit burning liquid.
No target in view!
You regained 4 hp, and now have 43/58 hp.
Key pressed, stopping explore.
Key pressed, stopping explore.
Eating one of 2 chunks of flesh.
This raw flesh tastes terrible.
You continue eating. x2
You see here a falchion.
Done exploring.
You regained 10 hp, and now have 53/58 hp.
MP restored: 7 Are you sure you want to abandon this character and quit the game? (Confirm with "yes".)

######## #......#
########## ######......#
#........###...†.......#
#............)..........
#........###[####......#
#......@.....####.......
#............##.......##
#####..##....##.##.##.##
##.##....##.....#...
#..............####
####.....##....####
#......)........
#....##).....###
#....#......##


There were no monsters in sight!

Vanquished Creatures
  Sigmund (D:2)
  An ogre (D:4)
  A wyvern skeleton (D:4)
  An orc priest (D:3)
  Crazy Yiuf (D:4)
  2 orc wizards
  Ijyb (D:2)
  3 adders
  A worm (D:3)
  4 dart slugs
  5 giant geckos
  6 orcs
  4 giant cockroaches
  8 goblins
  3 hobgoblins
  3 jackals (D:4)
  2 quokkas
  2 ball pythons (D:1)
  8 bats
  5 giant newts
  5 kobolds
  11 rats
78 creatures vanquished.

Vanquished Creatures (others)
  A kobold (D:2)
1 creature vanquished.

Grand Total: 79 creatures vanquished

Notes
Turn   | Place    | Note
--------------------------------------------------------------
     0 | D:1      | namelastname112 the Draconian Assassin began the quest for the Orb.
     0 | D:1      | Reached XP level 1. HP: 17/17 MP: 1/1
   173 | D:1      | Reached skill level 1 in Dodging
   229 | D:1      | Reached XP level 2. HP: 19/25 MP: 2/2
   484 | D:1      | Reached skill level 4 in Stealth
   529 | D:1      | Reached XP level 3. HP: 24/30 MP: 3/3
   630 | D:2      | Noticed Sigmund
   639 | D:2      | Noticed an angel
   938 | D:2      | Killed Sigmund
   938 | D:2      | Reached XP level 4. HP: 38/38 MP: 4/4
   938 | D:2      | Reached XP level 5. HP: 45/45 MP: 5/5
   940 | D:2      | Found a shimmering altar of Xom.
   942 | D:2      | Found a glowing silver altar of Zin.
  1077 | D:2      | Found a basalt altar of Yredelemnul.
  1217 | D:2      | Found a sacrificial altar of Ru.
  1368 | D:2      | Noticed Ijyb
  1388 | D:2      | Killed Ijyb
  1701 | D:3      | Reached XP level 6. HP: 45/51 MP: 4/6
  1708 | D:3      | Noticed ilikecats's ghost (amateur GrFi)
  1741 | D:2      | Reached skill level 5 in Stealth
  1741 | D:2      | Reached skill level 1 in Shields
  2187 | D:4      | Found a deep blue altar of Sif Muna.
  2409 | D:4      | Noticed Crazy Yiuf
  2423 | D:4      | Killed Crazy Yiuf
  2573 | D:4      | Your scales start taking on a weird mottled colour.
  2573 | D:4      | Reached XP level 7. HP: 43/58 MP: 4/7
  2625 | D:4      | Quit the game

Skill      XL: |  1  2  3  4  5  6 |
---------------+-------------------+-----
Dodging        | 1 2 |  2.5
Stealth        | 4 5 |  5.5
Fighting       | 3 |  3.7
Short Blades   | 3 4 |  4.0
Throwing       | 2 |  2.9
Shields        | 1 |  1.6

Action                   |  1- 3 |  4- 6 |  7- 9 || total
-------------------------+-------+-------+-------++-------
Melee: Dagger            |    73 |     7 |       ||    80
       Tailslap          |    10 |    23 |       ||    33
       Short sword       |       |   148 |       ||   148
 Fire: Blowgun           |     8 |     7 |       ||    15
  Use: Scroll            |       |     1 |       ||     1
 Stab: Sleeping          |     4 |    14 |       ||    18
       Distracted        |       |     1 |       ||     1
  Eat: Chunk             |       |     5 |     1 ||     6
Armor: Skin              |    38 |    53 |       ||    91
Dodge: Dodged            |    43 |    92 |       ||   135
